 Dungeon Crawl Stone Soup version 0.23-a0-636-g0ff6057 (webtiles) character file.

226 MisterFreud the Cutter (level 6, -1/37 HPs)
             Began as a Kobold Berserker on Dec 28, 2018.
             Was a Believer of Trog.
             Slain by a goblin
             ... wielding a cursed -3 club
              (4 damage)
             ... while paralysed by Grinder
             ... on level 3 of the Dungeon.
             The game lasted 00:04:42 (2458 turns).

MisterFreud the Cutter (Kobold Berserker)           Turns: 2458, Time: 00:04:42

Health: -1/37      AC:  3    Str: 15    XL:     6   Next: 21%
Magic:  6/6        EV:  3    Int:  9    God:    Trog [**....]
Gold:   94         SH:  0    Dex: 15    Spells: 5/5 levels left

rFire    . . .     SeeInvis .   a - +0 short sword
rCold    . . .     Gourm    .   (shield restricted)
rNeg     . . .     Faith    .   b - +1 animal skin
rPois    .         Spirit   .   (no helmet)
rElec    .         Reflect  .   (no cloak)
rCorr    .         Harm     .   (no gloves)
MR       .....                  (no boots)
Stlth    +++.......             (no amulet)
HPRegen  0.12/turn              (no ring)
MPRegen  0.10/turn              (no ring)

@: paralysed, berserk cooldown
A: small, carnivore
a: Berserk, Trog's Hand, Renounce Religion


You were on level 3 of the Dungeon.
You worshipped Trog.
Trog was pleased with you.
You were full.

You visited 1 branch of the dungeon, and saw 3 of its levels.

You collected 94 gold pieces.

Inventory:

Hand Weapons
 a - a +0 short sword (weapon)
Armour
 b - a +1 animal skin (worn)
Scrolls
 f - a scroll of enchant armour
 g - a scroll of enchant weapon {unknown}
Potions
 d - a potion of lignification {unknown}
 e - a potion of flight {unknown}
 h - a potion of heal wounds {unknown}
 i - a potion of haste {unknown}
 j - a potion of might {unknown}
Comestibles
 c - 3 rations


   Skills:
 - Level 3.2 Fighting
 + Level 6.2 Short Blades
 - Level 1.5 Armour
 - Level 2.4 Dodging
 - Level 6.1 Stealth


You had 5 spell levels left.
You didn't know any spells.
Your spell library was empty.

Dungeon Overview and Level Annotations

Branches:
Dungeon (3/15)

Altars:
Fedhas

Annotations:
D:3 Grinder


Innate Abilities, Weirdness & Mutations

You are small and have problems with some larger weapons.
You are carnivorous and can eat meat at any time.


Message History

You feel less resistant to hostile enchantments.
Grinder shouts!
You hear a shout! x2
You hit Grinder.
Grinder is lightly wounded.
Grinder hits you but does no damage.
The goblin hits you with a cursed -3 club.
You puncture Grinder!
Grinder is moderately wounded.
Grinder gestures at you.
You suddenly lose the ability to move!
The goblin hits you but does no damage.
Grinder says, "There's only one good use for a tongue: cutting it out."
Grinder gestures at you.
You shrug off the repeated paralysis!
The goblin barely misses you. Grinder hits you!
* * * LOW HITPOINT WARNING * * *
You writhe in agony.
* * * LOW HITPOINT WARNING * * *
The goblin hits you with a cursed -3 club.
You die...

.....#.##.# #.#.
.##.## ####)#.##.#
#.# .# # #...#.##..
#.# .# #.###.###..#
#.##. #.....# #..#
#...
#####.###..####..#
#..##.... ...
#..##...# #5#
#..##...# #@# ..
#..##...####g# ....
#..##...#.##w#..)..
#........#........K#
#........w......#..#
##.....#####.####
#.##.## #.# #.##.#
#.# #w##.# #.#


You could see Grinder, a worm and a goblin.

Vanquished Creatures
  Jessica (D:2)
  4 gnolls (D:3)
  7 adders (D:2)
  An ooze (D:3)
  2 worms (D:2)
  3 dart slugs
  2 leopard geckos
  2 orcs (D:3)
  2 ball pythons (D:1)
  3 giant cockroaches (D:1)
  3 goblins
  6 hobgoblins
  17 jackals
  6 kobolds
  7 bats
  4 frilled lizards
  10 rats
80 creatures vanquished.

Notes
Turn   | Place    | Note
-------+----------+-------------------------------------------
     0 | D:1      | MisterFreud the Kobold Berserker began the quest for the
                  | Orb.
     0 | D:1      | Reached XP level 1. HP: 14/14 MP: 1/1
    91 | D:1      | Reached skill level 1 in Stealth
   129 | D:1      | Reached XP level 2. HP: 17/19 MP: 2/2
   413 | D:1      | Reached XP level 3. HP: 14/23 MP: 3/3
   593 | D:1      | Reached ** piety under Trog
   594 | D:1      | Reached skill level 5 in Short Blades
   956 | D:2      | Reached XP level 4. HP: 28/28 MP: 4/4
  1480 | D:2      | Noticed Jessica
  1483 | D:2      | Killed Jessica
  1483 | D:2      | Reached XP level 5. HP: 20/32 MP: 5/5
  1826 | D:2      | Reached skill level 5 in Stealth
  2203 | D:2      | Found a blossoming altar of Fedhas.
  2410 | D:3      | Reached XP level 6. HP: 37/37 MP: 6/6
  2450 | D:3      | Noticed Grinder
  2455 | D:3      | Paralysed by Grinder for 6 turns
  2458 | D:3      | Slain by a goblin

Vault maps used:
D:1:      dpeg_arrival_more_subterranean_lakeside_camping
D:2:      marbit_many_paths, uniq_jessica
D:3:      cheibrodos_helix_gallery, portal_sewer_entry_e,
          minmay_misc_feat_ornament, uniq_grinder

Skill      XL: |  1  2  3  4  5  6 |
---------------+-------------------+-----
Stealth        | 1 2 3 4 5 6 |  6.1
Short Blades   | 5 6 |  6.2
Fighting       | |  3.2
Armour         | |  1.5
Dodging        | |  2.4

Action                   |  1- 3 |  4- 6 || total
-------------------------+-------+-------++-------
Melee: Short sword       |    97 |   150 ||   247
Invok: Berserk           |     1 |     6 ||     7
       Trog's Hand       |       |     1 ||     1
  Use: Scroll            |       |     3 ||     3
 Stab: Sleeping          |     7 |     6 ||    13
       Distracted        |     1 |       ||     1
  Eat: Chunk             |     9 |     8 ||    17
Armor: Animal skin       |     9 |    13 ||    22
Dodge: Dodged            |    65 |    82 ||   147

Table legend:
 A = Non-vault XP
 B = Vault XP
 C = Vault XP percentage of total XP
 D = Non-vault monster count
 E = Vault monster count
 F = Vault count percentage of total count
                 A         B        C        D         E       F
            +---------+---------+-------+---------+---------+-------
      Total |     284 |      39 |  12.1 |      78 |       2 |   2.5
            +---------+---------+-------+---------+---------+-------
        D:1 |      64 |       0 |   0.0 |      35 |       0 |   0.0
        D:2 |     148 |      39 |  20.9 |      36 |       2 |   5.3
        D:3 |      72 |       0 |   0.0 |       7 |       0 |   0.0
            +---------+---------+-------+---------+---------+-------
